 Dungeon Crawl Stone Soup version 0.31-a0-1458-g2f8d4710b4 (webtiles) character file.

Game seed: 17910539355887055479

81 ZotIsNOTReal the Ruffian (level 4, -2/42 HPs)
             Began as an Octopode Shapeshifter on Dec 28, 2023.
             Slain by a gnoll
             ... wielding a +0 halberd
              (4 damage)
             ... on level 2 of the Dungeon.
             The game lasted 00:01:36 (1075 turns).

ZotIsNOTReal the Ruffian (Octopode Shapeshifter)    Turns: 1075, Time: 00:01:36

Health: -2/42      AC: 22    Str: 15    XL:     4   Next: 42%
Magic:  0/4        EV:  2    Int: 12    God:
Gold:   92         SH:  0    Dex: 11    Spells: 3/3 levels left

rFire   . .          .
                       - Unarmed
rCold   . . .        (no shield)
rNeg    . . .        (helmet currently unavailable)
rPois   +            e - amulet of guardian spirit
rElec   .            (no ring)
rCorr   .            (no ring)
SInv    .            (no ring)
Will    .....        (no ring)
Stlth   +            (no ring)
HPRegen 0.27/turn    (no ring)
MPRegen 0.09/turn    (no ring)
                     (no ring)

%: guardian spirit
@: tree-form, invisible
A: stationary, stasis, torment immunity, boosted hp, almost no armour,
(amphibious), 8 rings, (camouflage 1), (gelatinous body 1), (nimble swimmer 1),
(tentacles), (iridescent scales 1)
a: no special abilities


You were on level 2 of the Dungeon.
You were a tree.
You visited 1 branch of the dungeon, and saw 2 of its levels.

You collected 92 gold pieces.

Inventory:

Jewellery
 e - an amulet of guardian spirit (around neck)
Talismans
 b - a beast talisman
 c - a flux talisman
Potions
 g - 2 potions of haste {unknown}
 h - a potion of resistance {unknown}
 i - 2 potions of curing {unknown}
 j - a potion of degeneration {unknown}


   Skills:
 - Level 1.0 Fighting
 - Level 2.0 Dodging
 - Level 1.1 Stealth
 + Level 5.0 Unarmed Combat
 - Level 3.0 Shapeshifting


You had 3 spell levels left.
You didn't know any spells.
Your spell library contained the following spells:

 Spells                   Type           Power      Damage    Failure   Level
 Haunt                    Necr/Summ      0%         N/A       100%        7
 Borgnjor's Revivificati  Necr           0%         N/A       100%        8
 Death's Door             Necr           0%         N/A       100%        9


Dungeon Overview and Level Annotations

Branches:
Dungeon (2/15)

Altars:


Innate Abilities, Weirdness & Mutations

You are a tree.
Your roots penetrate the ground, keeping you stationary.
You cannot be teleported.
You are immune to unholy pain and torment.
Your maximum health is greatly increased.
You cannot wear most types of armour.
((You are amphibious.))
You can wear up to eight rings at the same time.
((Your skin changes colour to match your surroundings (Stealth+).))
((Your rubbery body absorbs attacks. (AC +1, EV +1)))
((You are camouflaged when in or above water. (Stealth+)))
((You have tentacles for arms and can constrict up to eight enemies at once.))
((You are partially covered in iridescent scales. (AC +2)))


Message History

2 gnolls come into view.
Found a scroll labelled TUGU VOUNA.
Found an escape hatch in the ceiling.
The gnoll shouts! x4
A giant cockroach comes into view.
The gnoll completely misses you. The gnoll closely misses you.
The gnoll moves out of view.
The gnoll closely misses you. The gnoll misses you.
You tentacle-slap the gnoll but do no damage.
You grab the gnoll. You constrict the gnoll. The gnoll completely misses you.
The gnoll hits you with a +0 halberd! The gnoll hits you with a +0 flail!
* * * LOW HITPOINT WARNING * * *
The giant cockroach waves its antennae.
You are too injured to fight recklessly!
The air fills with toxic fumes!
As you read the scroll of poison, it crumbles to dust.
You constrict the gnoll. The gnoll closely misses you.
The gnoll hits you from afar with a +0 spear.
* * * LOW HITPOINT WARNING * * *
The gnoll barely misses you. The gnoll closely misses you.
The giant cockroach misses you.
Your transformation has ended.
You turn into a tree.
Your roots penetrate the ground.
You lose your grip on the gnoll.
The gnoll hits you from afar with a +0 halberd!
* * * LOW HITPOINT WARNING * * *
The gnoll hits you but does no damage.
The gnoll hits you from afar with a +0 spear.
* * * LOW HITPOINT WARNING * * *
The gnoll hits you but does no damage. The giant cockroach bites you.
* * * LOW HITPOINT WARNING * * *
It was a potion of invisibility.
You fade into invisibility!
The giant cockroach bites you but does no damage.
The gnoll hits you but does no damage. The gnoll barely misses you.
The gnoll hits you but does no damage. x2
It was a potion of mutation.
You feel extremely strange.
Iridescent scales grow over part of your body.
The giant cockroach bites you but does no damage.
The gnoll hits you from afar with a +0 halberd.
You die...

..<...# #.
>.....# #§ ####
....#.# #§#§§§
...[#...
§§§§####
#.#####...
§§#§§... ..#
#########§§§#
### #.....§§§.#
#.#####B#g####§
### #.#
#♣gg§§§§§
####.## #.#
##g##§§§§
......# #.# §#
#§ ####.## #.#
§# #.# #.# §#
#.# #.# §# #†#
#.# §# #.# #†#
§# ####.# #.#


You could see 4 gnolls and a giant cockroach (unable to see you).

Vanquished Creatures
  4 adders (D:2)
  2 worms (D:2)
  A dart slug (D:1)
  4 ball pythons
  4 endoplasms (D:1)
  2 giant cockroaches (D:1)
  4 goblins (D:1)
  3 hobgoblins (D:1)
  4 jackals (D:1)
  4 bats
  2 frilled lizards
  2 kobolds
  2 rats (D:1)
38 creatures vanquished.

Notes
Turn   | Place    | Note
-------+----------+-------------------------------------------
     0 | D:1      | ZotIsNOTReal the Octopode Shapeshifter began the quest for
                  | the Orb.
     0 | D:1      | Reached XP level 1. HP: 13/13 MP: 1/1
    99 | D:1      | Reached XP level 2. HP: 16/18 MP: 2/2
   413 | D:1      | Reached skill level 4 in Unarmed Combat
   415 | D:1      | Reached XP level 3. HP: 15/23 MP: 1/3
   894 | D:2      | Reached skill level 1 in Stealth
   894 | D:2      | Reached XP level 4. HP: 26/28 MP: 4/4
  1045 | D:2      | Reached skill level 5 in Unarmed Combat
  1073 | D:2      | HP: 2/42 [gnoll/+0 spear (1)]
  1075 | D:2      | Gained mutation: You are partially covered in iridescent
                  | scales. (AC +2) [potion of mutation]
  1075 | D:2      | Slain by a gnoll

Illustrated notes

Levels and vault maps discovered:
D:1:      eino_arrival_tree_alley, layout_rooms, hangedman_decor_push
D:2:      layout_loops_ring, minmay_quantized

Skill      XL: |  1  2  3  4 |
---------------+-------------+-----
Unarmed Combat | 4 5 |  5.0
Stealth        | 1 |  1.1
Fighting       | |  1.0
Dodging        | |  2.0
Shapeshifting  | |  3.0

Action                     |  1- 3 |  4- 6 || total
---------------------------+-------+-------++-------
  Melee: Unarmed           |    65 |    17 ||    82
         Tentacles         |    15 |     1 ||    16
         Constrict         |    15 |     3 ||    18
         Punch             |     4 |       ||     4
    Use: Scroll            |     3 |     1 ||     4
         Potion            |       |     3 ||     3
   Stab: Sleeping          |     4 |     1 ||     5
 Armour: Skin              |    23 |    22 ||    45
  Dodge: Dodged            |    48 |    17 ||    65

Table legend: (Time is in decaauts)
 A = Elapsed time spent in this place.
 B = Non-inter-level travel time spent in this place.
 C = Inter-level travel time spent in this place.
 D = Time resting spent in this place.
 E = Time spent auto-exploring this place.
 F = Levels seen in this place.
 G = Mean time per level.
                   A        B        C        D        E       F      G
               +--------+--------+--------+--------+--------+-----+--------+
         Total |   1069 |   1054 |     15 |    120 |    710 |   2 |  534.5 |
       Dungeon |   1069 |   1054 |     15 |    120 |    710 |   2 |  534.5 |
               +--------+--------+--------+--------+--------+-----+--------+

Top non-repeatable levels by time:
     D:1: 782 daAuts
     D:2: 286 daAuts
